MID
WISCONSIN TIMBER RATTLERS @ GREAT LAKES LOONS
09/23/2047
 
TOP OF THE 1ST
Wisconsin Timber Rattlers batting - Pitching for Great Lakes Loons : RHP Etsuji Kawasaki
Pitching: RHP Etsuji Kawasaki
Batting: LHB Rick Campbell 0-0: Foul Ball, location: 2F
0-1: Ground out 4-3 (Groundball, 4MS, EV 86.9 MPH)
Batting: LHB Karel Hort 0-0: Called Strike
0-1: Ball
1-1: Called Strike
1-2: Strikes out swinging
Batting: LHB Jason Raker 0-0: Ball
1-0: Ground out U3 (Groundball, 34S, EV 81.9 MPH)
Top of the 1st over - 0 runs, 0 hits, 0 errors, 0 left on base; Wisconsin 0 - Great Lakes 0
BOTTOM OF THE 1ST
Great Lakes Loons batting - Pitching for Wisconsin Timber Rattlers : RHP Aaron Saenz
Pitching: RHP Aaron Saenz
Batting: RHB Josh Crenwelge 0-0: Ball
1-0: Ball
2-0: Ball
3-0: Called Strike
3-1: Called Strike
3-2: Foul Ball, location: 2F
3-2: Base on Balls
Batting: LHB Robin More 0-0: Ball
1-0: Called Strike
1-1: Ball
2-1: Ball
3-1: SINGLE (Groundball, 5D, EV 101.2 MPH)
Josh Crenwelge to second
Batting: SHB Nate Kopchak 0-0: Ball
1-0: Called Strike
1-1: Foul Ball, location: 2F
1-2: Ball
2-2: Grounds into double play, 6-4-3 (Groundball, 6, EV 80.0 MPH)
Josh Crenwelge to third
Batting: LHB Jose Robles 0-0: Swinging Strike
0-1: Foul Ball, location: 2F
0-2: Ball
1-2: Strikes out looking
Bottom of the 1st over - 0 runs, 1 hit, 0 errors, 1 left on base; Wisconsin 0 - Great Lakes 0
TOP OF THE 2ND
Wisconsin Timber Rattlers batting - Pitching for Great Lakes Loons : RHP Etsuji Kawasaki
Batting: SHB Justin Hensley 0-0: Ball
1-0: Ball
2-0: Swinging Strike
2-1: Called Strike
2-2: Strikes out swinging
Batting: SHB Jerry Duffy 0-0: Ball
1-0: Ground out 4-3 (Groundball, 4D, EV 102.5 MPH)
Batting: LHB Umar Matoub 0-0: Called Strike
0-1: Called Strike
0-2: Ball
1-2: Strikes out swinging
Top of the 2nd over - 0 runs, 0 hits, 0 errors, 0 left on base; Wisconsin 0 - Great Lakes 0
BOTTOM OF THE 2ND
Great Lakes Loons batting - Pitching for Wisconsin Timber Rattlers : RHP Aaron Saenz
Batting: LHB Stephen Van Raalte 0-0: Ball
1-0: Ball
2-0: Foul Ball, location: 2F
2-1: Ball
3-1: Base on Balls
Batting: SHB Justin Toth 0-0: Ball
1-0: Foul Ball, location: 2F
1-1: Called Strike
1-2: Ball
2-2: Fly out, F7 (Flyball, 7, EV 87.5 MPH)
Batting: RHB T.J. Jordan 0-0: Called Strike
0-1: Foul Ball, location: 2F
0-2: Ball
1-2: SINGLE (Groundball, 56D, EV 98.8 MPH)
Stephen Van Raalte to second
Batting: RHB Devon Fourcade 0-0: Swinging Strike
0-1: Foul Ball, location: 2F
0-2: Ball
1-2: Strikes out looking
Batting: LHB Chris Raymond 0-0: Called Strike
0-1: SINGLE (Groundball, 4MD, EV 105.0 MPH)
Stephen Van Raalte to third
T.J. Jordan to second
Runner from 3rd tries for Home, SAFE, throw by CF to home
Batting: RHB Josh Crenwelge 0-0: Ball
1-0: Ball
2-0: Called Strike
2-1: Foul Ball, location: 2F
2-2: Foul Ball, location: 2F
2-2: Ball
3-2: Foul Ball, location: 2F
3-2: Base on Balls
T.J. Jordan to third
Chris Raymond to second
Batting: LHB Robin More 0-0: Ball
1-0: Called Strike
1-1: SINGLE (Groundball, 6D, EV 104.4 MPH)
T.J. Jordan scores
Chris Raymond to third
Josh Crenwelge to second
Runner from 3rd tries for Home, SAFE, throw by CF to home
Batting: SHB Nate Kopchak 0-0: Ball
1-0: Foul Ball, location: 2F
1-1: Ball
2-1: Foul Ball, location: 2F
2-2: Ball
3-2: Foul Ball, location: 2F
3-2: Foul Ball, location: 2F
3-2: Ground out 6-3 (Groundball, 6, EV 101.9 MPH)
Bottom of the 2nd over - 3 runs, 3 hits, 0 errors, 2 left on base; Wisconsin 0 - Great Lakes 3
TOP OF THE 3RD
Wisconsin Timber Rattlers batting - Pitching for Great Lakes Loons : RHP Etsuji Kawasaki
Batting: SHB Craig Wright 0-0: Called Strike
0-1: Called Strike
0-2: Ball
1-2: Strikes out swinging
Batting: RHB Alfredo Sena 0-0: Ball
1-0: Called Strike
1-1: Swinging Strike
1-2: Reached on error, E4 (Groundball, 34, EV 105.0 MPH)
Batting: RHB Dusty Bates 0-0: Called Strike
0-1: Swinging Strike
0-2: Ball
1-2: Strikes out swinging
Batting: LHB Rick Campbell 0-0: Ball
1-0: Swinging Strike
1-1: Called Strike
1-2: Strikes out swinging
Top of the 3rd over - 0 runs, 0 hits, 1 error, 1 left on base; Wisconsin 0 - Great Lakes 3
BOTTOM OF THE 3RD
Great Lakes Loons batting - Pitching for Wisconsin Timber Rattlers : RHP Aaron Saenz
Batting: LHB Jose Robles 0-0: Ball
1-0: Fly out, F8 (Flyball, 8RXD, EV 84.4 MPH)
Batting: LHB Stephen Van Raalte 0-0: Ball
1-0: Foul Ball, location: 2F
1-1: Swinging Strike
1-2: Ball
2-2: Foul Ball, location: 2F
2-2: Strikes out looking
Batting: SHB Justin Toth 0-0: Foul Ball, location: 2F
0-1: Reached via error on a dropped throw from 2B, E3 (Groundball, 4, EV 81.2 MPH)
Batting: RHB T.J. Jordan 0-0: Ball
1-0: Foul Ball, location: 2F
1-1: Swinging Strike
1-2: Strikes out swinging
Bottom of the 3rd over - 0 runs, 0 hits, 1 error, 1 left on base; Wisconsin 0 - Great Lakes 3
TOP OF THE 4TH
Wisconsin Timber Rattlers batting - Pitching for Great Lakes Loons : RHP Etsuji Kawasaki
Batting: LHB Karel Hort 0-0: Called Strike
0-1: Ball
1-1: Foul Ball, location: 2F
1-2: Foul Ball, location: 2F
1-2: Foul Ball, location: 2F
1-2: Strikes out swinging
Batting: LHB Jason Raker 0-0: Fly out, F8 (Flyball, 8LD, EV 93.1 MPH)
Batting: SHB Justin Hensley 0-0: Called Strike
0-1: Foul Ball, location: 2F
0-2: Ball
1-2: Foul Ball, location: 2F
1-2: Strikes out swinging
Top of the 4th over - 0 runs, 0 hits, 0 errors, 0 left on base; Wisconsin 0 - Great Lakes 3
BOTTOM OF THE 4TH
Great Lakes Loons batting - Pitching for Wisconsin Timber Rattlers : RHP Aaron Saenz
Batting: RHB Devon Fourcade 0-0: Ball
1-0: Ground out 6-3 (Groundball, 6, EV 88.1 MPH)
Batting: LHB Chris Raymond 0-0: Called Strike
0-1: Ball
1-1: Foul Ball, location: 2F
1-2: Strikes out looking
Batting: RHB Josh Crenwelge 0-0: Called Strike
0-1: Foul Ball, location: 2F
0-2: Foul Ball, location: 2F
0-2: Ball
1-2: Ball
2-2: TRIPLE (Line Drive, 89XD, EV 101.9 MPH)
Batting: LHB Robin More 0-0: Ball
1-0: Ball
2-0: Ground out 4-3 (Groundball, 4, EV 98.8 MPH)
Bottom of the 4th over - 0 runs, 1 hit, 0 errors, 1 left on base; Wisconsin 0 - Great Lakes 3
TOP OF THE 5TH
Wisconsin Timber Rattlers batting - Pitching for Great Lakes Loons : RHP Etsuji Kawasaki
Batting: SHB Jerry Duffy 0-0: Swinging Strike
0-1: Called Strike
0-2: Strikes out swinging
Batting: LHB Umar Matoub 0-0: Ball
1-0: Ball
2-0: Ball
3-0: Base on Balls
Batting: SHB Craig Wright 0-0: Foul Ball, location: 2F
0-1: Ball
1-1: Swinging Strike
1-2: SINGLE (Flyball, 4D, EV 89.4 MPH)
Umar Matoub to second
Batting: RHB Alfredo Sena 0-0: Foul Ball, location: 2F
0-1: Swinging Strike
0-2: Ball
1-2: Ball
2-2: Ball
3-2: Strikes out swinging
Batting: RHB Dusty Bates 0-0: Foul Ball, location: 2F
0-1: Called Strike
0-2: Ball
1-2: Foul Ball, location: 2F
1-2: DOUBLE (Line Drive, 9LM, EV 108.8 MPH)
Umar Matoub scores
Craig Wright to third
Batting: LHB Rick Campbell 0-0: Ball
1-0: Swinging Strike
1-1: Swinging Strike
1-2: Ball
2-2: Ball
3-2: Base on Balls
Batting: LHB Karel Hort 0-0: Ball
1-0: Foul Ball, location: 2F
1-1: Swinging Strike
1-2: Ball
2-2: Ball
3-2: Strikes out swinging
Top of the 5th over - 1 run, 2 hits, 0 errors, 3 left on base; Wisconsin 1 - Great Lakes 3
BOTTOM OF THE 5TH
Great Lakes Loons batting - Pitching for Wisconsin Timber Rattlers : RHP Aaron Saenz
Batting: SHB Nate Kopchak 0-0: Foul Ball, location: 2F
0-1: Called Strike
0-2: Ball
1-2: Ball
2-2: SINGLE (Flyball, 4D, EV 89.4 MPH)
Batting: LHB Jose Robles 0-0: Ball
1-0: Fly out, F7 (Flyball, 7LMF, EV 101.9 MPH)
Batting: LHB Stephen Van Raalte 0-0: SINGLE (Line Drive, 6D, EV 102.5 MPH)
Nate Kopchak to second
Batting: SHB Justin Toth 0-0: Ball
1-0: Ball
2-0: Ball
Nate Kopchak steals 3rd base
3-0: Called Strike
3-1: Foul Ball, location: 2F
3-2: Strikes out looking
Pitching: RHP Warren Swan
Batting: RHB T.J. Jordan 0-0: Ball
1-0: Foul Ball, location: 2F
1-1: Called Strike
1-2: Ball
2-2: Ball
3-2: Foul Ball, location: 2F
3-2: Base on Balls
Stephen Van Raalte to second
Batting: RHB Devon Fourcade 0-0: Foul Ball, location: 2F
0-1: Called Strike
0-2: Fly out, F7 (Flyball, 7D, EV 108.1 MPH)
Bottom of the 5th over - 0 runs, 2 hits, 0 errors, 3 left on base; Wisconsin 1 - Great Lakes 3
TOP OF THE 6TH
Wisconsin Timber Rattlers batting - Pitching for Great Lakes Loons : RHP Etsuji Kawasaki
Batting: LHB Jason Raker 0-0: Called Strike
0-1: Ground out 5-3 (Groundball, 56, EV 78.8 MPH)
Batting: SHB Justin Hensley 0-0: SINGLE (Groundball, 6MS, EV 67.5 MPH) (infield hit)
Batting: SHB Jerry Duffy 0-0: Called Strike
0-1: Ball
1-1: Ball
2-1: Fielders Choice at 2nd, 2-4 (Groundball, 15S, EV 70.0 MPH)
Batting: LHB Umar Matoub 0-0: Called Strike
0-1: Ball
1-1: Called Strike
1-2: Ball
Wild Pitch!
Jerry Duffy to second
2-2: Ball
3-2: Strikes out swinging
Top of the 6th over - 0 runs, 1 hit, 0 errors, 1 left on base; Wisconsin 1 - Great Lakes 3
BOTTOM OF THE 6TH
Great Lakes Loons batting - Pitching for Wisconsin Timber Rattlers : RHP Warren Swan
Batting: LHB Chris Raymond 0-0: Ground out 6-3 (Groundball, 6, EV 90.6 MPH)
Batting: RHB Josh Crenwelge 0-0: Ground out 6-3 (Groundball, 56, EV 96.9 MPH)
Batting: LHB Robin More 0-0: Ball
1-0: Ball
2-0: Ball
3-0: Called Strike
3-1: Called Strike
3-2: Base on Balls
Batting: SHB Nate Kopchak Pickoff Throw to First - Out! 1-3
Bottom of the 6th over - 0 runs, 0 hits, 0 errors, 0 left on base; Wisconsin 1 - Great Lakes 3
TOP OF THE 7TH
Wisconsin Timber Rattlers batting - Pitching for Great Lakes Loons : RHP Etsuji Kawasaki
Now at SS: Trevor Conklin
Batting: SHB Craig Wright 0-0: Ball
1-0: Ball
2-0: SINGLE (Flyball, 8LS, EV 93.1 MPH)
Batting: RHB Alfredo Sena 0-0: Ball
1-0: Grounds into double play, 6-4-3 (Groundball, 6, EV 77.5 MPH)
Batting: RHB Dusty Bates 0-0: Ball
1-0: Swinging Strike
1-1: Foul Ball, location: 2F
1-2: Strikes out looking
Top of the 7th over - 0 runs, 1 hit, 0 errors, 0 left on base; Wisconsin 1 - Great Lakes 3
BOTTOM OF THE 7TH
Great Lakes Loons batting - Pitching for Wisconsin Timber Rattlers : RHP Warren Swan
Batting: SHB Nate Kopchak 0-0: Foul Ball, location: 2F
0-1: Ball
1-1: Ball
2-1: Swinging Strike
2-2: Foul Ball, location: 2F
2-2: Ball
3-2: SINGLE (Groundball, 6MD, EV 108.8 MPH)
Batting: LHB Jose Robles 0-0: Called Strike
Nate Kopchak is caught stealing 2nd base 2-6
0-1: Foul Ball, location: 2F
0-2: Ball
1-2: Ball
2-2: Ball
3-2: Foul Ball, location: 2F
3-2: Foul Ball, location: 2F
3-2: DOUBLE (Line Drive, 9LM, EV 111.9 MPH)
Batting: LHB Stephen Van Raalte 0-0: Called Strike
0-1: Swinging Strike
0-2: Strikes out swinging
Batting: SHB Justin Toth 0-0: Called Strike
0-1: Swinging Strike
0-2: Strikes out looking
Bottom of the 7th over - 0 runs, 2 hits, 0 errors, 1 left on base; Wisconsin 1 - Great Lakes 3
TOP OF THE 8TH
Wisconsin Timber Rattlers batting - Pitching for Great Lakes Loons : RHP Etsuji Kawasaki
Now at 1B: Steve Clark
Batting: LHB Rick Campbell 0-0: Ball
1-0: Ball
2-0: Foul Ball, location: 2F
2-1: Ball
3-1: Ground out 4-3 (Groundball, 4, EV 103.8 MPH)
Batting: LHB Karel Hort 0-0: Ball
1-0: Ball
2-0: Called Strike
2-1: Ball
3-1: Fly out, F9 (Flyball, 89M, EV 89.4 MPH)
Batting: LHB Jason Raker 0-0: Called Strike
0-1: Called Strike
0-2: Ball
1-2: Strikes out swinging
Top of the 8th over - 0 runs, 0 hits, 0 errors, 0 left on base; Wisconsin 1 - Great Lakes 3
BOTTOM OF THE 8TH
Great Lakes Loons batting - Pitching for Wisconsin Timber Rattlers : RHP Warren Swan
Pitching: RHP Sal Contreras
Batting: RHB T.J. Jordan 0-0: Ball
1-0: Ground out 5-3 (Groundball, 5S, EV 80.0 MPH)
Batting: RHB Devon Fourcade 0-0: Fly out, F7 (Flyball, 78S, EV 82.5 MPH)
Batting: RHB Trevor Conklin 0-0: Ball
1-0: Swinging Strike
1-1: Swinging Strike
1-2: Single, Error in OF, E7, batter to second base (Groundball, 56D, EV 109.4 MPH)
Batting: RHB Josh Crenwelge 0-0: Called Strike
0-1: Ball
1-1: Ball
2-1: Foul Ball, location: 2F
2-2: Strikes out swinging
Bottom of the 8th over - 0 runs, 1 hit, 1 error, 1 left on base; Wisconsin 1 - Great Lakes 3
TOP OF THE 9TH
Wisconsin Timber Rattlers batting - Pitching for Great Lakes Loons : RHP Etsuji Kawasaki
Pitching: LHP William Lobo
Batting: SHB Justin Hensley 0-0: Called Strike
0-1: Swinging Strike
0-2: Strikes out swinging
Batting: SHB Jerry Duffy 0-0: Ball
1-0: Foul Ball, location: 2F
1-1: Swinging Strike
1-2: Ground out 6-3 (Groundball, 6, EV 86.9 MPH)
Batting: LHB Umar Matoub 0-0: Ball
1-0: Called Strike
1-1: Swinging Strike
1-2: Ball
2-2: Fly out, F8 (Flyball, 89M, EV 91.2 MPH)
Top of the 9th over - 0 runs, 0 hits, 0 errors, 0 left on base; Wisconsin 1 - Great Lakes 3
Thursday, December 15th , 2022 - OOTP Baseball 23.9 Build 102